Unix NetHack Version 3.7.0-102 Work-in-progress - last build Apr 6 2024 13:22:21 (d302a6a9ff6341f1a922d8f5af178406b35fdf99,branch:master). Game began 2024-04-06 19:25:05, ended 2024-04-07 12:47:01. aoei, lawful female human Samurai ... .<.. .@.. .... --- ... ...... .......... ....... 0..... .... --. Aoei the Kunoichi St:14 Dx:18 Co:17 In:11 Wi:7 Ch:8 Lawful Dlvl:9 $:272 HP:0(53) Pw:16(16) AC:-7 Xp:6 T:1606 Blind Latest messages: You see here an osaku (for sale, 27 zorkmids). "For you, most gracious lady; only 27 zorkmids for this osaku." u - an osaku (unpaid, 27 zorkmids). An osaku for 27 zorkmids. Pay? [yn] (n) You bought an osaku for 27 gold pieces. "Thank you for shopping in Ymla's hardware store!" What do you want to adjust? [acdhjkm-ruzACDP or ?*] Adjust letter to what [be-gils-yBE-OQ-Z] (? see used letters)? Moving: e - an osaku. You see here a whistle (for sale, 13 zorkmids). You see here an uncursed dwarvish mattock. You see here an uncursed dwarvish mattock. x - an uncursed dwarvish mattock. The door opens. That door is closed. You can't go down here. Pick an object. & a major demon (vrock) The vrock misses! The vrock hits! The vrock misses! The vrock hits! The vrock misses! You smell a dragon! The blast of poison gas whizzes by you! You are enveloped in a cloud of noxious gas! There is a staircase up to level 8 here. What do you want to write with? [- acdhopxzCD or ?*] You write in the dust with your fingertip. Your eyes sting. Something is burning your lungs! You cough and spit blood! What do you want to write with? [- acdhopxzCD or ?*] You engrave in the stairs with an uncursed wand of digging. You hear drilling! You can see again. Your eyes sting. Something is burning your lungs! You cough and spit blood! Something is burning your lungs! You cough and spit blood! You can see again. Your eyes sting. Something is burning your lungs! You cough and spit blood! You hear the howling of the CwnAnnwn... Something is burning your lungs! You cough and spit blood! You die... Do you want to see the dungeon overview? [ynq] (y) Inventory: Weapons d - 39 +0 ya (in quiver) c - a +0 yumi x - a +0 dwarvish mattock p - a +0 dwarvish short sword (alternate weapon; not wielded) a - a +0 katana (weapon in right hand) Armor q - an uncursed +0 dwarvish iron helm (being worn) m - an uncursed +0 pair of water walking boots (being worn) r - an uncursed +0 dwarvish cloak (being worn) j - a blessed +5 gray dragon scale mail (being worn) Tools n - an uncursed sack containing 10 items P - an uncursed blindfold D - a magic marker (0:97) e - an uncursed osaku Comestibles k - 2 uncursed gunyoki A - 2 uncursed lembas wafers Rings h - an uncursed ring of conflict z - a blessed +1 ring of increase damage Wands C - a wand of digging (0:4) o - a wand of magic missile (0:5) Coins $ - 272 gold pieces Contents of the sack: a wand of digging (0:5) a wand of wishing named 1:3 (1:3) a blessed scroll of taming an uncursed scroll of food detection a cursed scroll of identify an uncursed potion of full healing a cursed potion of monster detection a cursed potion of sleeping a cursed potion of restore ability an uncursed potion of sickness Aoei the Samurai's attributes: Background: You were a Kunoichi, a level 6 female human Samurai. You were lawful, on a mission for Amaterasu Omikami who was opposed by Raijin (neutral) and Susanowo (chaotic). You were right-handed. You were in the Gnomish Mines, on level 9. You entered the dungeon 1606 turns ago. There was a new moon in effect when your adventure ended. You had 484 experience points, 156 more were needed to attain level 7. Basics: You had 0 out of 53 hit points. You had all 16 energy points (spell power). Your armor class was -7. Your wallet contained 272 zorkmids. Autopickup was on for '$?!/"=' plus thrown, with exceptions. Final Characteristics: Your strength was 14 (limit:18/100). Your dexterity was 18 (limit:18). Your constitution was 17 (limit:18). Your intelligence was 11 (limit:18). Your wisdom was 7 (limit:18). Your charisma was 8 (limit:18). Final Status: You were temporarily blind. You weren't hungry. You were unencumbered. You were wielding a long sword. You were skilled in long sword. Final Attributes: You were devoutly aligned. You were magic-protected. Your items were somewhat protected from fire. Your items were somewhat protected from cold. You could walk on water. You were warded. You were fast. You are dead. Miscellaneous: You disabled loading of bones levels. Total elapsed playing time was 1 hour, 9 minutes and 1 second. Major events: Turn 1: aoei the lawful female human Samurai entered the dungeon 219: made her first wish - "3 holy charging", got "a scroll labeled LOREM IPSUM" 283: wished for "holy fixed +5 gray dragon scale mail", got "a gray dragon scale mail" 662: attained the rank of Ronin (level 3) 947: entered the Gnomish Mines 1184: attained the rank of Kunoichi (level 6) 1235: reached Mine Town 1606: killed by a gas cloud Vanquished creatures: a small mimic 2 gnome rulers a dwarf leader a fog cloud 4 gnome leaders 2 gnomish wizards 2 coyotes 4 cave spiders 23 gnomes 3 geckos 2 kobolds a goblin 2 grid bugs 3 lichens a kobold zombie 4 newts 56 creatures vanquished. No species were genocided or became extinct. Voluntary challenges: You read items or engraved 3 times. You engraved Elbereth 1 time. You never genocided any monsters. You never polymorphed an object. You never changed form. You used 2 wishes. You did not wish for any artifacts. Achievements: You entered a shop. You attained the rank of Ronin. You entered the Gnomish Mines. You attained the rank of Kunoichi. You entered Minetown. You entered a temple. The Dungeons of Doom: levels 1 to 4 Level 1: An altar. Level 2: Some altars, a fountain. Level 3: A fountain, a sink. Level 4: Stairs down to The Gnomish Mines. The Gnomish Mines: levels 5 to 9 Level 5: Level 6: Level 7: Level 8: A temple and an altar, some fountains. Level 9: <- You were here. Final resting place for you, killed by a gas cloud. Game over: ---------- / \ / REST \ / IN \ / PEACE \ / \ | aoei | | 272 Au | | killed by a gas | | cloud | | | | | | 2024 | *| * * * | * _________)/\\_//(\/(/\)/\//\/|_)_______ Sayonara aoei the Samurai... You died in The Gnomish Mines on dungeon level 9 with 2611 points, and 272 pieces of gold, after 1606 moves. You were level 6 with a maximum of 53 hit points when you died.